 Dungeon Crawl Stone Soup version 0.28.0-43-g3370ac3207 (webtiles) character file.

Game seed: 9071615309925877998

8821 smarlow the Magician (level 11, -2/77 HPs)
             Began as a Djinni Conjurer on Mar 2, 2022.
             Was a Believer of Makhleb.
             Slain by a two-headed ogre
             ... wielding a +0 giant club
              (6 damage)
             ... on level 10 of the Dungeon.
             The game lasted 00:24:53 (12975 turns).

smarlow the Magician (Djinni Conjurer)             Turns: 12975, Time: 00:24:54

Health: -2/77      AC:  8    Str:  9    XL:     11   Next: 62%
Gold:   577        EV: 15    Int: 23    God:    Makhleb [**....] SH:  5 Dex: 13

rFire   + + +      SeeInvis .   n - +8 Wrath of Trog {antimagic, *Rage Rampage}
rCold   + . .      Faith    .   (shield currently unavailable)
rNeg    . . .      Spirit   .   E - +2 robe {rC+ rF+}
rPois   ∞          Reflect  +   (no helmet)
rElec   .          Harm     .   i - +0 cloak
rCorr   .          Rampage  +   s - +1 pair of gloves
Will    +....      Rage     50% (boots unavailable)
Stlth   +++.......              K - amulet of reflection
HPRegen 0.22/turn               j - ring "Jig Jap" {rPois Str+3}
MPRegen 0.00/turn               d - ring of protection from cold

@: wereblooded, on berserk cooldown, flying, slowed, very slow
A: sickness immunity, fire resistance 2, cold vulnerability 1, float, innate
caster, HP casting, extra vitality 1
a: Renounce Religion, Minor Destruction


You were on level 10 of the Dungeon.
You worshipped Makhleb.
Makhleb was pleased with you.
You visited 2 branches of the dungeon, and saw 11 of its levels.

You collected 577 gold pieces.

Inventory:

Hand Weapons
 n - the +8 Wrath of Trog (weapon) {antimagic, *Rage Rampage}
   (You found it on level 2 of the Dungeon)

   It reduces the magical energy of the wielder, and disrupts the spells and
   magical abilities of those it strikes.
   Natural abilities and divine invocations are not affected.
   It causes slowness and exhaustion when equipped.
   It extends the wielder's berserk rage when killing foes.
   *Rage:     It berserks you when you make melee attacks (+50% chance).
   Rampage:   It bestows one free step when moving towards enemies.
Armour
 a - a +0 robe
 i - a +0 cloak (worn)
 s - a +1 pair of gloves (worn)
 C - the +18 shield of the Gong {rElec rN+ Will+ EV-5}
   (You found it on level 8 of the Dungeon)

   It is deafeningly noisy when blocking attacks.
   EV:        It affects your evasion (-5).
   rElec:     It insulates you from electricity.
   rN:        It protects you from negative energy.
   Will:      It increases your willpower.
 E - a +2 robe of resistance (worn)
Jewellery
 d - a ring of protection from cold (right hand)
 j - the ring "Jig Jap" (left hand) {rPois Str+3}
   (You found it on level 2 of the Dungeon)

   [ring of poison resistance]

   Str:       It affects your strength (+3).
   rPois:     It protects you from poison.
 A - a ring of protection from fire
 K - an amulet of reflection (around neck)
Wands
 v - a wand of flame (9)
 G - a wand of polymorph (3)
Scrolls
 b - a scroll of enchant armour
 c - 2 scrolls of holy word
 f - 4 scrolls of immolation {unknown}
 k - 2 scrolls of fog
 o - a scroll of fear
 q - 6 scrolls of teleportation {unknown}
 r - 2 scrolls of noise
 t - 2 scrolls of torment {unknown}
 w - a scroll of blinking {unknown}
 x - 2 scrolls of enchant weapon {unknown}
 y - a scroll of magic mapping {unknown}
 B - 5 scrolls of identify
 F - a scroll of amnesia {unknown}
 H - a scroll of vulnerability {unknown}
Potions
 e - 3 potions of curing {unknown}
 g - a potion of haste
 h - a potion of degeneration {unknown}
 l - 4 potions of flight
 m - 2 potions of mutation
 p - 2 potions of might
 u - 3 potions of attraction {unknown}
 z - 3 potions of heal wounds {unknown}
 D - 2 potions of magic {unknown}
 I - 2 potions of berserk rage {unknown}
 J - 3 potions of ambrosia {unknown}


   Skills:
 + Level 6.3 Fighting
 + Level 5.1 Axes
 + Level 6.3 Armour
 + Level 7.3 Dodging
 + Level 6.0 Stealth
 + Level 3.5 Shields
 * Level 7.8 Spellcasting


You couldn't memorise any spells.
You knew the following spells:

 Your Spells              Type           Power      Damage    Failure   Level
a - Magic Dart            Conj           100%       1d8       1%          1
b - Searing Ray           Conj           90%        2d7       1%          2
c - Dazzling Flash        Conj/Hex       90%        N/A       1%          3
d - Fulminant Prism       Conj/Hex       22%        3d13      2%          4
e - Iskenderun's Mystic   Conj/Tloc      45%        2d10      2%          4
f - Shock                 Conj/Air       100%       1d9       1%          1
g - Static Discharge      Conj/Air       45%        N/A       1%          2
h - Wereblood             Tmut           45%        N/A       1%          2
i - Vampiric Draining     Necr           45%        2d9       1%          3
j - Borgnjor's Vile Clut  Necr/Erth      22%        N/A       8%          5
Your spell library was empty.

Dungeon Overview and Level Annotations

Branches:
Dungeon (10/15)            Temple (1/1) D:7            Lair (0/6) D:8
    Orc: D:9-12

Altars:
Cheibriados
Dithmenos
Elyvilon
Fedhas
Gozag
Kikubaaqudgha
Makhleb
Nemelex Xobeh
Okawaru
Qazlal
Ru
Sif Muna
Trog
Uskayaw
Vehumet
Wu Jian
Xom
Yredelemnul
Zin
The Shining One

Shops:
D:10 [


Innate Abilities, Weirdness & Mutations

You are immune to sickness and miasma.
You are immune to poison.
Your flesh is very heat resistant. (rF++)
You are vulnerable to cold. (rC-)
You float through the air rather than walking.
You learn spells naturally, not from books.
Your magical power is your life essence.
You have superior vitality. (+4 MHP)


Message History

You feel a bit better.
You kill the yak!
Makhleb accepts your kill.
You feel a strong urge to attack something.
You feel your anger nearly subside.
You are no longer berserk.
You are exhausted.
You feel yourself slow down.
You hear two shouts!
A two-headed ogre comes into view. It is wielding two +0 giant clubs.
You see here 13 gold pieces.
You slash the two-headed ogre!
The two-headed ogre is moderately wounded.
You howl as the wereblood boils in your veins!
The two-headed ogre barely misses you.
The two-headed ogre hits you with a +0 giant club!
You slash the two-headed ogre!
The two-headed ogre is heavily wounded.
The two-headed ogre hits you but does no damage.
The two-headed ogre misses you. You block the two-headed ogre's attack.
The two-headed ogre hits you with a +0 giant club!
You slash the two-headed ogre!
The two-headed ogre is severely wounded.
The two-headed ogre hits you with a +0 giant club!
The two-headed ogre barely misses you.
The two-headed ogre hits you with a +0 giant club!
You block the two-headed ogre's attack.
You slash the two-headed ogre!
The two-headed ogre is almost dead.
The two-headed ogre hits you with a +0 giant club!!
* * * LOW HITPOINT WARNING * * *
The two-headed ogre barely misses you.
Casting: Fulminant Prism (dangerous; 2% risk of failure)
Confirm with . or Enter, or press ? or * to list all spells.
You don't have enough health to cast this spell.
You barely miss the two-headed ogre.
The two-headed ogre is almost dead.
The two-headed ogre hits you but does no damage.
The two-headed ogre misses you.
The two-headed ogre hits you with a +0 giant club.
You die...

..####.......#.....#
...................#
...................#
........(..........#
##.................#
#..........†......#
#................$#
#.................#
#############..@..#
#..O..# #.....#
#...>.# ##....#
.....# ......#
......#


You could see a two-headed ogre.

Vanquished Creatures
  Erica (D:8)
  A two-headed ogre (D:9)
  Maurice (D:9)
  2 vault sentinels (D:8)
  2 trolls (D:10)
  Grinder (D:5)
  A hornet (D:9)
  Prince Ribbit (D:9)
  2 shadows
  A wraith (D:9)
  3 water elementals (D:10)
  12 yaks
  A wyvern (D:9)
  An acid dragon (D:10)
  2 orc warriors
  An ice beast (D:6)
  A sky beast (D:6)
  2 black bears
  2 necrophages
  5 ogres
  A centaur (D:9)
  A kobold brigand (D:10)
  A phantom (D:6)
  2 bullfrogs (D:9)
  3 scorpions
  7 killer bees
  A water moccasin skeleton (D:5)
  4 howler monkeys
  2 centaur zombies
  A jelly (D:7)
  3 hounds
  5 orc priests
  Jessica (D:2)
  An iguana (D:4)
  4 orc wizards
  2 hound skeletons
  A mummy (D:5)
  2 howler monkey zombies
  4 adders
  A howler monkey skeleton (D:5)
  An ufetubus (D:5)
  A dart slug (D:2)
  41 orcs
  3 endoplasms (D:2)
  A giant cockroach (D:2)
  3 goblins
  4 hobgoblins
  6 quokkas
  5 ball pythons
  7 bats
  3 frilled lizards
  2 hobgoblin zombies (D:5)
  16 kobolds
  A kobold zombie (D:5)
  An orc zombie (D:5)
  3 rats (D:1)
188 creatures vanquished.

Vanquished Creatures (others)
  6 fulminant prisms
  6 fungi (D:2)
  2 plants (D:2)
14 creatures vanquished.

Grand Total: 202 creatures vanquished

Notes
Turn   | Place    | Note
-------+----------+-------------------------------------------
     0 | D:1      | smarlow the Djinni Conjurer began the quest for the Orb.
     0 | D:1      | Reached XP level 1. HP: 15/15 MP: 0/0
   134 | D:1      | Reached XP level 2. HP: 20/22 MP: 0/0
   751 | D:1      | Reached XP level 3. HP: 23/26 MP: 0/0
   751 | D:1      | Learned a level 1 spell: Shock
  1243 | D:2      | Identified the ring "Jig Jap" {rPois Str+3}
  1311 | D:2      | Reached skill level 1 in Fighting
  1413 | D:2      | Found the +8 Wrath of Trog {antimagic, *Rage Rampage}
  1458 | D:2      | Noticed Jessica
  1460 | D:2      | Killed Jessica
  1461 | D:2      | Reached XP level 4. HP: 30/32 MP: 0/0
  1680 | D:2      | Reached skill level 1 in Armour
  1800 | D:2      | Found a faded altar of an unknown god.
  2005 | D:3      | Reached XP level 5. HP: 32/37 MP: 0/0
  2005 | D:3      | Learned a level 2 spell: Static Discharge
  2752 | D:4      | Reached skill level 1 in Axes
  2879 | D:4      | Reached XP level 6. HP: 43/43 MP: 0/0
  3480 | D:4      | Noticed an ogre
  3489 | D:4      | Killed an ogre
  3493 | D:4      | Reached XP level 7. HP: 18/49 MP: 0/0
  3493 | D:4      | Learned a level 2 spell: Wereblood
  4134 | D:5      | Entered Level 5 of the Dungeon
  4278 | D:5      | Noticed Grinder
  4288 | D:5      | Paralysed by Grinder for 3 turns
  4306 | D:5      | Killed Grinder
  4624 | D:5      | Reached XP level 8. HP: 56/56 MP: 0/0
  4877 | D:5      | Noticed a +0 dagger
  5235 | D:5      | Reached skill level 5 in Spellcasting
  5307 | D:5      | Found a hide-covered altar of Uskayaw.
  5308 | D:5      | Noticed a +0 short sword
  5308 | D:5      | Noticed a +0 falchion
  5309 | D:5      | Noticed a +0 falchion
  5330 | D:5      | Noticed a +0 spear
  5331 | D:5      | Noticed a +0 short sword
  5335 | D:5      | Noticed a +0 dagger
  5335 | D:5      | Noticed a +0 spear
  5652 | D:2      | Identified the +8 hunting sling "Furud" {vorpal, Dex+4
                  | SInv}
  6169 | D:6      | You are sucked into a shaft and drop 1 floor!
  6169 | D:7      | Found a staircase to the Ecumenical Temple.
  6287 | Temple   | Entered the Ecumenical Temple
  6426 | Temple   | Became a worshipper of Makhleb the Destroyer
  6748 | D:7      | Reached XP level 9. HP: 57/62 MP: 0/0
  6748 | D:7      | Learned a level 3 spell: Vampiric Draining
  7543 | D:6      | Reached skill level 5 in Dodging
  8608 | D:8      | Found a staircase to the Lair.
  9296 | D:8      | Noticed a vault sentinel
  9296 | D:8      | Noticed a vault sentinel
  9339 | D:8      | Killed a vault sentinel
  9340 | D:8      | Reached XP level 10. HP: 18/69 MP: 0/0
  9381 | D:8      | Killed a vault sentinel
  9382 | D:8      | Reached skill level 5 in Fighting
  9382 | D:8      | Reached skill level 5 in Armour
  9641 | D:8      | Found the +18 shield of the Gong {rElec rN+ Will+ EV-5}
  9927 | D:8      | Noticed Erica
  9942 | D:8      | Killed Erica
  9943 | D:8      | Reached skill level 5 in Stealth
  9943 | D:8      | Reached skill level 1 in Shields
 10070 | D:9      | Noticed a two-headed ogre
 10079 | D:9      | Killed a two-headed ogre
 10779 | D:9      | Reached * piety under Makhleb
 11077 | D:9      | Reached XP level 11. HP: 76/76 MP: 0/0
 11077 | D:9      | Learned a level 5 spell: Borgnjor's Vile Clutch
 11216 | D:9      | Noticed Prince Ribbit
 11222 | D:9      | Killed Prince Ribbit
 11371 | D:9      | Noticed Maurice
 11398 | D:9      | Killed Maurice
 11702 | D:10     | Entered Level 10 of the Dungeon
 11997 | D:10     | Reached skill level 5 in Axes
 12427 | D:10     | Found Ykolel's Armour Shoppe.
 12961 | D:10     | Reached ** piety under Makhleb
 12968 | D:10     | Noticed a two-headed ogre
 12975 | D:10     | Slain by a two-headed ogre

Illustrated notes

Levels and vault maps discovered:
D:1:      dpeg_arrival_stonehenge_12_columns, layout_basic, st_stairs_4,
          grunt_decor_fettered, fountainhead
D:2:      layout_rooms, shapermc_ecumenical_altar_hornbeckon, uniq_jessica
D:3:      layout_basic
D:4:      layout_cave_pods, bh_walls_and_bars
D:5:      layout_loops_ring, nicolae_uskayaw_en_pointe, minmay_mini_ossuary,
          uniq_grinder
D:6:      layout_basic
D:7:      layout_basic, temple_fountains
D:8:      layout_cave_pods, dpeg_oklobed_lair, hellmonk_guarded_unrand_gong,
          uniq_erica
D:9:      layout_basic, uniq_maurice, uniq_prince_ribbit1
D:10:     layout_grid_maze, serial_shops, nicolae_stop_n_shop_1,
          nicolae_underground_beach
Temple:   minmay_crystal_snake_temple

Skill      XL: |  1  2  3  4  5  6  7  8  9 10 11 |
---------------+----------------------------------+-----
Fighting       | 1 2 3 4 5 6 |  6.3
Stealth        | 2 3 4 5 6 |  6.0
Armour         | 1 2 3 4 5 6 |  6.3
Dodging        | 3 4 5 6 7 |  7.3
Spellcasting   | 4 5 6 7 |  7.8
Axes           | 1 2 3 4 5 |  5.1
Shields        | 2 3 |  3.5

Action                   |  1- 3 |  4- 6 |  7- 9 | 10-12 || total
-------------------------+-------+-------+-------+-------++-------
Melee: Battleaxe         |       |    25 |    47 |   103 ||   175
 Cast: Magic Dart        |    50 |    93 |   189 |    14 ||   346
       Searing Ray       |     1 |       |     2 |       ||     3
       Iskenderun's Myst |       |       |    20 |    18 ||    38
       Vampiric Draining |       |       |    13 |     3 ||    16
       Shock             |       |       |     2 |    50 ||    52
       Fulminant Prism   |       |       |       |     6 ||     6
       Borgnjor's Vile C |       |       |       |     4 ||     4
       Wereblood         |       |       |       |     2 ||     2
  Use: Potion            |       |       |     2 |       ||     2
       Scroll            |       |       |     7 |       ||     7
 Stab: Sleeping          |       |       |       |     1 ||     1
Armor: Robe              |     4 |     9 |    12 |    27 ||    52
Dodge: Dodged            |     5 |    19 |    43 |    59 ||   126
Block: Other             |       |       |       |    10 ||    10
       Reflection        |       |       |       |     2 ||     2
